 Dungeon Crawl Stone Soup version 0.31-a0-917-ga885b83477 (webtiles) character file.

Game seed: 13474189039525092445

23 BinkBink the Shooter (level 2, 0/18 HPs)
             Began as a Gargoyle Hunter on Oct 17, 2023.
             Slain by Natasha (3 damage)
             ... on level 2 of the Dungeon.
             The game lasted 00:01:19 (1016 turns).

BinkBink the Shooter (Gargoyle Hunter)              Turns: 1016, Time: 00:01:19

Health: 0/18       AC:  5    Str: 14    XL:     2   Next: 95%
Magic:  2/2        EV: 12    Int:  9    God:
Gold:   26         SH:  0    Dex: 13    Spells: 1/1 levels left

rFire   . . .        g - +0 dagger
rCold   . . .        (no shield)
rNeg    + . .        c - +0 leather armour
rPois   ∞            (no helmet)
rElec   +            (no cloak)
rCorr   .            (no gloves)
SInv    .            (no boots)
Will    .....        (no amulet)
Stlth   +            (no ring)
HPRegen 0.23/turn    (no ring)
MPRegen 0.08/turn

%: no passive effects
@: slowed, very slow
A: sickness immunity, AC +2, negative energy resistance 1, electricity
resistance, torment resistance 1, petrification resistance
a: no special abilities


You were on level 2 of the Dungeon.
You visited 1 branch of the dungeon, and saw 2 of its levels.

You collected 26 gold pieces.

Inventory:

Hand Weapons
 a - a +0 shortbow
 g - a +0 dagger (weapon)
Armour
 c - a +0 leather armour (worn)
Scrolls
 b - a scroll of butterflies
 d - 4 scrolls of teleportation {unknown}
 e - a scroll of acquirement {unknown}
 h - a scroll of fog {unknown}
 j - a scroll of fear {unknown}
Potions
 f - a potion of ambrosia {unknown}
 i - a potion of attraction {unknown}
 k - a potion of curing {unknown}


   Skills:
 + Level 2.8 Fighting
 - Level 4.0 Ranged Weapons
 + Level 1.3 Armour
 + Level 2.0 Dodging
 - Level 1.1 Stealth


You had one spell level left.
You didn't know any spells.
Your spell library was empty.

Dungeon Overview and Level Annotations

Branches:
Dungeon (2/15)

Altars:

Annotations:
D:2 Natasha


Innate Abilities, Weirdness & Mutations

You are immune to sickness and miasma.
Your stone body is resilient. (AC +2)
You are immune to poison.
You resist negative energy. (rN+)
You are resistant to electric shocks. (rElec)
You are resistant to unholy torment.
You are immune to petrification.


Message History

There is a stone staircase leading down here.
k - a glowing dark potion Done exploring.
There is a stone staircase leading down here.
You climb downwards.
There is a stone staircase leading up here.
Natasha, Servant of Life and Death comes into view.
Natasha hisses angrily.
Natasha misses you.
You closely miss Natasha. Natasha misses you.
You hit Natasha but do no damage. Natasha claws you but does no damage.
You closely miss Natasha.
Natasha hisses.
Natasha claws you.
You closely miss Natasha. Natasha claws you.
You closely miss Natasha. Natasha claws you.
You are too injured to fight recklessly!
You hit Natasha.
Natasha is lightly wounded.
Natasha stares at you and mumbles some strange words.
The magic dart hits you.
* * * LOW HITPOINT WARNING * * *
You closely miss Natasha.
Natasha is lightly wounded.
Natasha mumbles some strange words.
You feel troubled. Natasha casts a spell at you.
You feel yourself slow down.
You hit Natasha.
Natasha is moderately wounded.
Natasha casts a spell at you.
You feel as though you will be slow longer.
You hit Natasha.
Natasha is heavily wounded.
Natasha barely misses you. Natasha claws you but does no damage.
You closely miss Natasha.
Natasha is heavily wounded.
Natasha claws you.
You die...
Natasha curls up and begins to purr.

#########
#.h@....#
#.###.#.#
#....<#
#######


You could see Natasha.

Vanquished Creatures
  2 endoplasms (D:1)
  A giant cockroach (D:1)
  2 goblins (D:1)
  4 jackals (D:1)
  A quokka (D:1)
  4 ball pythons (D:1)
  A frilled lizard (D:1)
  2 kobolds (D:1)
  3 rats (D:1)
20 creatures vanquished.

Notes
Turn   | Place    | Note
-------+----------+-------------------------------------------
     0 | D:1      | BinkBink the Gargoyle Hunter began the quest for the Orb.
     0 | D:1      | Reached XP level 1. HP: 12/12 MP: 1/1
    94 | D:1      | Reached XP level 2. HP: 13/18 MP: 2/2
   188 | D:1      | Reached skill level 1 in Armour
  1004 | D:2      | Noticed Natasha
  1016 | D:2      | Slain by Natasha

Illustrated notes

Levels and vault maps discovered:
D:1:      roderic_chinese_lattice_arrival, layout_basic, item_on_display_a
D:2:      wander_river, layout_basic, uniq_jessica, uniq_natasha, uniq_robin

Skill      XL: |  1  2 |
---------------+-------+-----
Armour         | 1 |  1.3
Dodging        | 2 |  2.0
Fighting       | |  2.8
Ranged Weapons | |  4.0
Stealth        | |  1.1

Action                     || total
---------------------------++-------
  Melee: Dagger            ||   102
         Punch             ||     1
   Fire: Shortbow          ||    12
 Armour: Leather armour    ||    61
  Dodge: Dodged            ||    57

Table legend: (Time is in decaauts)
 A = Elapsed time spent in this place.
 B = Non-inter-level travel time spent in this place.
 C = Inter-level travel time spent in this place.
 D = Time resting spent in this place.
 E = Time spent auto-exploring this place.
 F = Levels seen in this place.
 G = Mean time per level.
                   A        B        C        D        E       F      G
               +--------+--------+--------+--------+--------+-----+--------+
         Total |   1019 |   1008 |     11 |    234 |    581 |   2 |  509.5 |
       Dungeon |   1019 |   1008 |     11 |    234 |    581 |   2 |  509.5 |
               +--------+--------+--------+--------+--------+-----+--------+

Top non-repeatable levels by time:
     D:1: 1005 daAuts
     D:2: 13 daAuts
